[Event "Titled Tuesday Blitz May 30 Early 2023"]
[White "Piesik, Piotr"]
[Black "Vaglio Munoz, Jaime"]
[WhiteFideId "1136194"]
[BlackFideId "6500145"]
[WhiteElo "2299"]
[BlackElo "2199"]
[Result "1-0"]
[Round "10"]
[TimeControl "180+2"]
[Date "2023.05.30"]
[WhiteClock "0:00:14"]
[BlackClock "0:00:19"]

1. Nf3 c5 2. e4 Qa5 3. c3 Nc6 4. Be2 Nf6 5. d3 d5 6. Nbd2 Bg4 7. O-O e6 8. h3 Bh5 9. exd5 exd5 10. Re1 Be7 11. Nh4 Bg6 12. Nxg6 hxg6 13. Nf3 O-O 14. Ng5 Rad8 15. Bf3 Bd6 16. Be3 d4 17. Bd2 Qb6 18. Rb1 Qa6 19. Qc2 c4 20. dxc4 Qxc4 21. Be2 Qd5 22. c4 Qf5 23. Bd3 Qc8 24. c5 Bb8 25. b4 Ne5 26. Qb3 Nxd3 27. Qxd3 Qc7 28. Nf3 Nh5 29. Re4 Rd5 30. Rxd4 Rf5 31. g4 Rxf3 32. Qxf3 Qh2+ 33. Kf1 Nf6 34. Re1 Be5 35. Bf4 Bxf4 36. Rxf4 g5 37. Rf5 Rd8 38. Rxg5 Kf8 39. Rf5 Rd7 40. g5 Ne8 41. g6 f6 42. Rh5 Kg8 43. Rxe8# 1-0


[Site "https://www.chess.com"]

[Event "Titled Tuesday Blitz May 30 Early 2023"]
[White "Belov, Alexei"]
[Black "Zaksaite, Salomeja"]
[WhiteFideId "4128206"]
[BlackFideId "12801496"]
[WhiteElo "2519"]
[BlackElo "2059"]
[Result "1-0"]
[Round "10"]
[TimeControl "180+2"]
[Date "2023.05.30"]
[WhiteClock "0:01:54"]
[BlackClock "0:00:00"]

1. e4 c5 2. Nf3 Nc6 3. d4 cxd4 4. Nxd4 Nf6 5. Nc3 e5 6. Ndb5 d6 7. Bg5 a6 8. Na3 b5 9. Nd5 Be7 10. Bxf6 Bxf6 11. c3 Rb8 12. Nc2 O-O 13. h4 Be7 14. g3 Be6 15. Bg2 Qd7 16. Nce3 Bd8 17. O-O Bb6 18. Qd3 Bxe3 19. Nxe3 Rfd8 20. Rfd1 a5 21. a3 b4 22. axb4 axb4 23. Ra6 bxc3 24. bxc3 Rb3 25. Qc2 Qc8 26. Rda1 Qb7 27. Nf5 g6 28. Rxc6 gxf5 29. exf5 Rb2 30. Qc1 Bxf5 31. Qg5+ Bg6 32. Qxd8+ Kg7 33. Rxd6 1-0


[Site "https://www.chess.com"]

[Event "Titled Tuesday Blitz May 30 Early 2023"]
[White "Avazkhonov, Alikhon"]
[Black "Cupid, Kevin"]
[WhiteFideId "14208504"]
[BlackFideId "7700512"]
[WhiteElo "1739"]
[BlackElo "2124"]
[Result "1-0"]
[Round "10"]
[TimeControl "180+2"]
[Date "2023.05.30"]
[WhiteClock "0:00:03"]
[BlackClock "0:00:00"]

1. d4 Nf6 2. c4 e6 3. Nc3 Bb4 4. e3 b6 5. Bd2 Bb7 6. Nf3 O-O 7. Bd3 d6 8. O-O Bxc3 9. Bxc3 Ne4 10. Bxe4 Bxe4 11. d5 e5 12. Nd2 Bd3 13. Re1 a5 14. e4 f5 15. f3 Na6 16. b3 Nc5 17. Bb2 Qh4 18. Ba3 fxe4 19. Bxc5 bxc5 20. fxe4 Qf2+ 21. Kh1 Rf4 22. Qc1 Raf8 23. h3 Qh4 24. Qc3 Bxe4 25. Nxe4 Rxe4 26. Qxa5 Rxe1+ 27. Rxe1 Qf2 28. Rg1 Rf7 29. Qa8+ Rf8 30. Qb7 e4 31. Qxc7 e3 32. Qxd6 e2 33. Qe6+ Kh8 34. d6 Rf6 35. Qe8+ Rf8 36. d7 Qf1 37. d8=Q Kg8 38. Qxf8+ Qxf8 39. Qxf8+ Kxf8 40. Re1 1-0


[Site "https://www.chess.com"]

[Event "Titled Tuesday Blitz May 30 Early 2023"]
[White "Mayeregger, Arnold"]
[Black "Zaichenko, Daria"]
[WhiteFideId "3705226"]
[BlackFideId "4197453"]
[WhiteElo "2038"]
[BlackElo "2039"]
[Result "1-0"]
[Round "10"]
[TimeControl "180+2"]
[Date "2023.05.30"]
[WhiteClock "0:01:07"]
[BlackClock "0:00:00"]

1. d4 d5 2. c4 e6 3. Nc3 Be7 4. cxd5 exd5 5. Bf4 c6 6. e3 Bf5 7. g4 Be6 8. Qb3 g5 9. Be5 f6 10. Qxb7 fxe5 11. Qxa8 exd4 12. exd4 Qc7 13. Nf3 Nh6 14. h4 O-O 15. hxg5 Nxg4 16. Bd3 Rxf3 17. Bxh7+ Kg7 18. O-O-O Nxf2 19. Bc2 Nxh1 20. Rxh1 Rh3 21. Re1 Bxg5+ 22. Kb1 Re3 23. Rg1 Kh6 24. Rh1+ Rh3 25. Re1 Bd7 26. a3 Rh2 27. Rf1 Kg7 28. Na4 Re2 29. Nc5 Bc8 30. Rg1 Kf6 31. Rf1+ Kg7 32. Bd3 Rd2 33. Rg1 Kf6 34. Bc2 Kg7 35. Rxg5+ Kf6 36. Rg1 Qb6 37. Rf1+ Kg5 38. Na4 Qc7 39. Nc3 1-0


[Site "https://www.chess.com"]

[Event "Titled Tuesday Blitz May 30 Early 2023"]
[White "MANOJ_MISHRA123"]
[Black "Andreev, Konstantin"]
[BlackFideId "24239305"]
[WhiteElo "2269"]
[BlackElo "2106"]
[Result "0-1"]
[Round "10"]
[TimeControl "180+2"]
[Date "2023.05.30"]
[WhiteClock "0:00:45"]
[BlackClock "0:01:51"]

1. d4 Nf6 2. Bg5 e6 3. e3 h6 4. Bh4 d5 5. Bd3 Be7 6. Nd2 b6 7. f4 Bb7 8. Ngf3 Ne4 9. Bxe7 Qxe7 10. Ne5 Nd7 11. Nxe4 dxe4 12. Bb5 Qb4+ 13. c3 Qxb5 14. a4 Qd5 15. c4 Qd6 16. O-O O-O 17. b4 c5 18. bxc5 bxc5 19. Rb1 Ba6 20. dxc5 Qxd1 21. Rfxd1 Nxe5 22. fxe5 Rac8 23. Rd7 Rxc5 24. Rxa7 Bxc4 25. a5 Bd3 26. Rbb7 h5 27. Kf2 h4 28. Rc7 Rc8 29. Rxc5 Rxc5 30. a6 Rc2+ 31. Kg1 Rc1+ 32. Kf2 Rf1# 0-1


[Site "https://www.chess.com"]

[Event "Titled Tuesday Blitz May 30 Early 2023"]
[White "Tarnowska, Aleksandra"]
[Black "Barbot, Pierre"]
[WhiteFideId "1180967"]
[BlackFideId "663727"]
[WhiteElo "1776"]
[BlackElo "2431"]
[Result "0-1"]
[Round "10"]
[TimeControl "180+2"]
[Date "2023.05.30"]
[WhiteClock "0:00:02"]
[BlackClock "0:00:37"]

1. e4 c6 2. d4 d5 3. Nc3 dxe4 4. Nxe4 Nf6 5. Nxf6+ exf6 6. Nf3 Bd6 7. Be3 O-O 8. Qd2 Re8 9. O-O-O Nd7 10. Kb1 b5 11. Nh4 Nb6 12. Bd3 Nc4 13. Qe2 g6 14. Rhe1 Be6 15. Qf3 f5 16. g3 Qa5 17. Bxc4 bxc4 18. Bd2 c3 19. Bxc3 Qxa2+ 20. Kc1 Rab8 21. Kd2 Rxb2 22. Bxb2 Qxb2 23. Re3 Bb4+ 24. Rc3 Bd5 25. Qd3 Be4 26. Qc4 Qxc2+ 27. Ke1 Bxc3+ 28. Kf1 Qxd1# 0-1


[Site "https://www.chess.com"]

[Event "Titled Tuesday Blitz May 30 Early 2023"]
[White "Toktomushev, Teimur"]
[Black "Atanasov, Radislav"]
[WhiteFideId "14176726"]
[BlackFideId "2901471"]
[WhiteElo "2116"]
[BlackElo "2077"]
[Result "1-0"]
[Round "10"]
[TimeControl "180+2"]
[Date "2023.05.30"]
[WhiteClock "0:00:03"]
[BlackClock "0:00:00"]

1. d4 Nf6 2. c4 c5 3. d5 e6 4. Nc3 exd5 5. cxd5 d6 6. Nf3 g6 7. Nd2 Nbd7 8. e4 Bg7 9. Be2 O-O 10. O-O a6 11. a4 Re8 12. Qc2 Rb8 13. h3 b6 14. Nc4 Ne5 15. Na3 Nh5 16. f4 Ng4 17. Bxg4 Bd4+ 18. Rf2 Bxg4 19. hxg4 Nf6 20. Qe2 Bxc3 21. bxc3 Nxe4 22. Rf3 Nxc3 23. Qf1 Ne2+ 24. Kh2 Qh4+ 25. Rh3 Qxg4 26. Qf3 h5 27. Qxg4 hxg4 28. Rh4 Kg7 29. Bb2+ f6 30. Re1 Nxf4 31. Rxe8 Rxe8 32. Rxg4 Rh8+ 33. Kg3 Ne2+ 34. Kf2 Re8 35. Nc4 Nd4 36. Bxd4 cxd4 37. Nxd6 Rd8 38. Nf5+ Kf7 39. Nxd4 Rxd5 40. Ke3 f5 41. Rh4 Ra5 42. Rh7+ Kf6 43. Rb7 Rxa4 44. Rxb6+ Kg5 45. Ne6+ Kg4 46. Nf4 Ra3+ 47. Kf2 Kxf4 48. Rxg6 Ke5 49. Rg8 Ra2+ 50. Kf3 Kd4 51. Rd8+ 1-0


[Site "https://www.chess.com"]

[Event "Titled Tuesday Blitz May 30 Early 2023"]
[White "Makhmudov, Shukhrat"]
[Black "Brown, Raehanna"]
[WhiteFideId "14200775"]
[BlackFideId "7402740"]
[WhiteElo "2135"]
[BlackElo "1655"]
[Result "1-0"]
[Round "10"]
[TimeControl "180+2"]
[Date "2023.05.30"]
[WhiteClock "0:00:53"]
[BlackClock "0:00:10"]

1. e4 c5 2. Nf3 Nc6 3. d4 cxd4 4. Nxd4 Nf6 5. Nc3 g6 6. Nxc6 dxc6 7. Qxd8+ Kxd8 8. f3 e5 9. Bg5 Be7 10. Bc4 Be6 11. Bxe6 fxe6 12. Bh4 Kc7 13. O-O-O Rad8 14. a3 Rhf8 15. Nb1 Bc5 16. Rde1 h6 17. Nd2 g5 18. Bg3 Nd7 19. Nc4 Rf4 20. Bxf4 exf4 21. Rd1 b5 22. Na5 Bb6 23. Nb3 e5 24. h4 a5 25. hxg5 hxg5 26. Rh6 a4 27. Na1 Bd4 28. c3 Be3+ 29. Kb1 Nf8 30. Rxd8 Kxd8 31. Rxc6 Kd7 32. Rh6 Ne6 33. Nc2 Bf2 34. Nb4 Nc5 35. Rg6 Bh4 36. Rb6 g4 37. Rxb5 Kd6 38. Rb6+ Kd7 39. Rh6 gxf3 40. gxf3 Bg3 41. Nd5 Nd3 42. Nb6+ Kc7 43. Nc4 Kd7 44. Kc2 Ne1+ 45. Kd2 Nxf3+ 46. Ke2 Ng5 47. Nxe5+ Ke7 48. Nf3 Nxe4 49. Ra6 Nc5 50. Rc6 Nb3 51. Nd4 Nc1+ 52. Kd2 Nb3+ 53. Nxb3 axb3 54. Ke2 Kd7 55. Rb6 Kc7 56. Rxb3 Kc6 57. Rb4 Kc5 58. Kf3 Kc6 59. Rxf4 Bxf4 60. Kxf4 Kb6 61. b3 Ka7 62. Ke5 Kb7 63. Kd6 Kc8 64. Kc6 Kb8 65. c4 Kc8 66. c5 Kb8 67. Kd7 Ka7 68. c6 Kb6 69. c7 Ka7 70. c8=Q Kb6 71. Qc6+ Ka5 72. Qc4 Kb6 73. Qb4+ Ka7 74. Kc7 Ka6 75. Qb6# 1-0


[Site "https://www.chess.com"]

[Event "Titled Tuesday Blitz May 30 Early 2023"]
[White "zano2023"]
[Black "Kaganskiy, Gleb"]
[BlackFideId "4132025"]
[WhiteElo "2167"]
[BlackElo "2165"]
[Result "1-0"]
[Round "10"]
[TimeControl "180+2"]
[Date "2023.05.30"]
[WhiteClock "0:01:29"]
[BlackClock "0:01:24"]

1. d4 d5 2. Nf3 Nf6 3. Nbd2 e6 4. e3 Be7 5. Bd3 O-O 6. O-O c5 7. c3 Nc6 8. dxc5 Bxc5 9. e4 Bb6 10. Qe2 h6 11. h3 a6 12. Kh1 Re8 13. Re1 Bc7 14. b3 d4 15. cxd4 Nxd4 16. Nxd4 Qxd4 17. Rb1 Rd8 18. Bc2 Bf4 19. Nf3 Qd6 20. Rd1 Qc7 21. Rxd8+ Qxd8 22. Bxf4 1-0


[Site "https://www.chess.com"]

[Event "Titled Tuesday Blitz May 30 Early 2023"]
[White "Koridze, Lile"]
[Black "Maluco_do_Natal_00"]
[WhiteFideId "13612514"]
[WhiteElo "2047"]
[BlackElo "2056"]
[Result "1-0"]
[Round "10"]
[TimeControl "180+2"]
[Date "2023.05.30"]
[WhiteClock "0:01:07"]
[BlackClock "0:00:00"]

1. d4 d5 2. c4 c6 3. Nf3 Nf6 4. e3 g6 5. h3 Bg7 6. Bd3 a6 7. O-O O-O 8. Nc3 dxc4 9. Bxc4 b5 10. Bd3 Bb7 11. a3 Nbd7 12. Qe2 c5 13. dxc5 Nxc5 14. Bc2 Rc8 15. e4 Qc7 16. Be3 Ncxe4 17. Nxe4 Nxe4 18. Bb3 e6 19. Rac1 Qb8 20. Rfd1 Rxc1 21. Rxc1 Rc8 22. Rd1 Rd8 23. Rc1 h6 24. Bb6 Rc8 25. Rd1 Bc6 26. Bd4 Rd8 27. Bxg7 Kxg7 28. Rc1 Bb7 29. Qe3 Kh7 30. Qb6 Rc8 31. Rd1 Nc5 32. Nd4 Nxb3 33. Nxb3 Bd5 34. Qe3 b4 35. Nd4 bxa3 36. bxa3 Qb6 37. Qf4 Rc4 38. Qxf7+ Kh8 39. Qxg6 Rxd4 40. Qf6+ Kh7 41. Rxd4 Qb1+ 42. Kh2 Qb8+ 43. g3 Qb1 44. Rxd5 exd5 45. Qf7+ Kh8 46. Qxd5 Qa1 47. Qa8+ Kh7 48. Qxa6 h5 49. Qb7+ Kh6 50. Qc6+ Kh7 51. Qd7+ Kh6 52. Qe6+ Kg7 53. Qe3 Kh7 54. Kg2 Kg6 55. Qe4+ Kh6 56. a4 Kg7 57. Qb7+ Kh6 58. Qb6+ Kh7 59. a5 Qa2 60. Qb7+ Kh6 61. a6 Qa5 62. a7 h4 63. a8=Q 1-0


[Site "https://www.chess.com"]

[Event "Titled Tuesday Blitz May 30 Early 2023"]
[White "Kriti Mayur Patel"]
[Black "Rose, Felix"]
[WhiteFideId "35061780"]
[BlackFideId "5105722"]
[WhiteElo "1306"]
[BlackElo "2039"]
[Result "0-1"]
[Round "10"]
[TimeControl "180+2"]
[Date "2023.05.30"]
[WhiteClock "0:00:16"]
[BlackClock "0:00:19"]

1. e4 c5 2. d4 cxd4 3. c3 d3 4. Bxd3 Nc6 5. Nf3 g6 6. c4 Bg7 7. O-O d6 8. Nc3 Nf6 9. h3 O-O 10. Bg5 Qa5 11. Qe2 Be6 12. a3 Rfc8 13. b4 Qd8 14. Rac1 Nd7 15. Rfd1 Nce5 16. Nd5 Bxd5 17. cxd5 Nxf3+ 18. Qxf3 Bb2 19. Rb1 Bf6 20. Bh6 Rc3 21. a4 Rac8 22. Bd2 Ne5 23. Qe2 Rxd3 24. f4 Qb6+ 25. Kh2 Nf3+ 26. gxf3 Qd4 27. Be1 Re3 28. Qf2 Rd3 29. Qxd4 Rxd4 30. Rxd4 Bxd4 31. Bh4 f6 32. Kg3 Rc4 33. Kg4 Kf7 34. Be1 a6 35. b5 a5 36. Bxa5 Rxa4 37. Be1 e6 38. dxe6+ Kxe6 39. Rc1 f5+ 40. exf5+ gxf5+ 41. Kg5 Bf6+ 42. Kh6 Rxf4 43. Kxh7 Rxf3 44. h4 Rh3 45. Rc7 Bxh4 46. Bxh4 Rxh4+ 47. Kg6 f4 48. Rxb7 Rg4+ 49. Kh5 Rg1 50. Rb8 f3 51. b6 f2 52. Rf8 f1=Q 53. Re8+ Kd7 54. b7 Rh1+ 55. Kg6 Qg2+ 56. Kf5 Rf1# 0-1


[Site "https://www.chess.com"]

[Event "Titled Tuesday Blitz May 30 Early 2023"]
[White "Mikhaylova, Irina"]
[Black "Kohler, Aran"]
[WhiteFideId "4109040"]
[BlackFideId "1002856"]
[WhiteElo "1975"]
[BlackElo "2328"]
[Result "1-0"]
[Round "10"]
[TimeControl "180+2"]
[Date "2023.05.30"]
[WhiteClock "0:00:45"]
[BlackClock "0:00:16"]

1. Nf3 Nf6 2. c4 c6 3. Nc3 d5 4. cxd5 Nxd5 5. e4 Nxc3 6. dxc3 Qxd1+ 7. Kxd1 Bg4 8. Be2 Nd7 9. Be3 e5 10. Kc2 f6 11. b4 a6 12. h3 Be6 13. Nd2 Be7 14. a4 Rc8 15. Bc4 Kf7 16. Bxe6+ Kxe6 17. Nc4 b5 18. axb5 cxb5 19. Rxa6+ Kf7 20. Nd6+ Bxd6 21. Rxd6 Rc7 22. Rhd1 Ke7 23. Kb3 Rhc8 24. R6d3 g5 25. h4 h6 26. hxg5 fxg5 27. Rh1 Rc6 28. Bd2 Nf8 29. Rd5 Re6 30. Rxb5 Rc7 31. c4 Rd6 32. Bc3 Ne6 33. c5 Nd4+ 34. Bxd4 Rxd4 35. Rxh6 Rxe4 36. Rh7+ 1-0


[Site "https://www.chess.com"]

[Event "Titled Tuesday Blitz May 30 Early 2023"]
[White "February, Jesse Nikki"]
[Black "mohsengabr2002"]
[WhiteFideId "14312336"]
[WhiteElo "1824"]
[BlackElo "2255"]
[Result "1-0"]
[Round "10"]
[TimeControl "180+2"]
[Date "2023.05.30"]
[WhiteClock "0:00:22"]
[BlackClock "0:00:12"]

1. e4 c5 2. Nf3 d6 3. d4 cxd4 4. Nxd4 Nc6 5. Nc3 Qb6 6. Nb3 g6 7. Be3 Qc7 8. Be2 Bg7 9. Nd5 Qd8 10. c3 Nf6 11. f3 Nxd5 12. exd5 Ne5 13. O-O O-O 14. f4 Nd7 15. Bf3 b6 16. Qd2 Nc5 17. Nxc5 bxc5 18. Rad1 Ba6 19. Rfe1 Rb8 20. b3 Qa5 21. c4 Qc7 22. Qf2 Bc8 23. Bc1 a5 24. Re2 a4 25. Rde1 axb3 26. Rxe7 Qxe7 27. Rxe7 b2 28. Bxb2 Rxb2 29. Qe1 Bd4+ 30. Kh1 Bf5 31. Be4 Rfb8 32. Bxf5 gxf5 33. Re8+ Rxe8 34. Qxe8+ Kg7 35. h3 Bf2 36. Qd7 Rb1+ 37. Kh2 Kf6 38. Qxd6+ Kg7 39. Qe5+ Kg6 40. Qd6+ f6 41. Qd8 Bd4 42. Qg8+ Kh5 43. d6 h6 44. d7 Kh4 45. Qg3+ Kh5 46. Qf3+ Kh4 47. Qg3+ Kh5 48. Qf3+ Kh4 49. g3# 1-0


[Site "https://www.chess.com"]

[Event "Titled Tuesday Blitz May 30 Early 2023"]
[White "Levitan, Caleb Levi"]
[Black "Cramling Bellon, Anna"]
[WhiteFideId "14332620"]
[BlackFideId "32009232"]
[WhiteElo "1963"]
[BlackElo "1976"]
[Result "0-1"]
[Round "10"]
[TimeControl "180+2"]
[Date "2023.05.30"]
[WhiteClock "0:00:00"]
[BlackClock "0:00:24"]

1. e4 c5 2. Nf3 e6 3. d4 cxd4 4. Nxd4 Nf6 5. Nc3 Nc6 6. Nxc6 bxc6 7. Bd3 e5 8. O-O d6 9. f4 Be7 10. Qf3 O-O 11. h3 Qc7 12. Kh1 c5 13. b3 Bb7 14. Be3 Rad8 15. Qg3 Nh5 16. Qf2 exf4 17. Bxf4 Bf6 18. Bd2 d5 19. Kg1 Bd4 20. Be3 Bxc3 21. Rad1 dxe4 22. Bc4 Rxd1 23. Rxd1 Qg3 24. Qf1 Qxe3+ 25. Kh1 Ng3+ 26. Kh2 Nxf1+ 27. Rxf1 Be5+ 28. Kh1 Qg3 0-1


[Site "https://www.chess.com"]

[Event "Titled Tuesday Blitz May 30 Early 2023"]
[White "Acikel, Mert"]
[Black "agvania123"]
[WhiteFideId "12956465"]
[WhiteElo "2097"]
[BlackElo "2249"]
[Result "1-0"]
[Round "10"]
[TimeControl "180+2"]
[Date "2023.05.30"]
[WhiteClock "0:00:18"]
[BlackClock "0:00:22"]

1. e4 d5 2. exd5 Qxd5 3. Nc3 Qd8 4. d4 Nf6 5. Nf3 Bg4 6. h3 Bh5 7. Be2 e6 8. O-O c6 9. Bf4 Bd6 10. Ne5 Bxe2 11. Qxe2 O-O 12. Rad1 Nd5 13. Nxd5 cxd5 14. c3 Nc6 15. Rfe1 Nxe5 16. dxe5 Bc5 17. Qg4 Re8 18. Bg5 Qb6 19. Re2 Be7 20. Bh6 g6 21. h4 Bf8 22. Bg5 h5 23. Qf4 Rac8 24. Red2 Rc4 25. Qf3 Rec8 26. Bf6 Bg7 27. g3 Qc7 28. Rd4 Rxd4 29. Rxd4 b5 30. Kg2 a5 31. Rf4 Bxf6 32. Rxf6 Rb8 33. a3 Rb7 34. Qf4 b4 35. cxb4 axb4 36. a4 b3 37. g4 hxg4 38. h5 Qc4 39. hxg6 Qxf4 40. Rxf4 fxg6 41. Rxg4 Kg7 42. a5 Ra7 43. Ra4 g5 44. Kf3 Kg6 45. Ke3 Kf5 46. Kd4 g4 47. Kc5 Kxe5 48. a6 d4 49. Kb6 Ra8 50. Kb7 Rf8 51. a7 d3 52. a8=Q Rxa8 53. Rxa8 Ke4 54. Rd8 Kf3 55. Rxd3+ Kxf2 56. Kc6 g3 57. Kd6 g2 58. Rd2+ Kf3 59. Rd1 Kf2 60. Kxe6 g1=Q 61. Rxg1 Kxg1 62. Kd5 Kf2 63. Kc4 Ke3 64. Kxb3 Kd4 65. Kb4 Kd5 66. Kb5 Kd6 67. b4 Kc7 68. Ka6 Kb8 69. Kb6 Kc8 70. Ka7 Kc7 71. b5 Kc8 72. b6 Kd7 73. b7 Kc6 74. b8=Q Kc5 75. Qb6+ Kc4 76. Ka6 Kc3 77. Qb5 Kc2 78. Qb4 Kd1 79. Qb2 Ke1 80. Kb5 Kf1 81. Kc4 Kg1 82. Kd3 Kh1 83. Ke3 1-0


[Site "https://www.chess.com"]

[Event "Titled Tuesday Blitz May 30 Early 2023"]
[White "Larina, Maria"]
[Black "Osiecki, Stanislaw"]
[WhiteFideId "24113182"]
[BlackFideId "1102990"]
[WhiteElo "1848"]
[BlackElo "2088"]
[Result "1-0"]
[Round "10"]
[TimeControl "180+2"]
[Date "2023.05.30"]
[WhiteClock "0:00:04"]
[BlackClock "0:00:00"]

1. e4 e6 2. d4 d5 3. Nc3 Bb4 4. exd5 exd5 5. Bd3 Nc6 6. a3 Bxc3+ 7. bxc3 Nf6 8. Ne2 Bg4 9. f3 Bh5 10. g4 Bg6 11. Nf4 O-O 12. O-O Re8 13. h4 Bxd3 14. cxd3 Qd6 15. Re1 Rxe1+ 16. Qxe1 Re8 17. Qf2 Ne7 18. h5 c6 19. a4 Nd7 20. Bd2 c5 21. Re1 Kf8 22. Be3 c4 23. dxc4 dxc4 24. h6 Qxh6 25. Nh5 Qg6 26. Nf4 Qd6 27. Qh4 Kg8 28. Bd2 Nf6 29. Kg2 h6 30. g5 hxg5 31. Qxg5 Nh7 32. Qg3 Qf6 33. Nh5 Qg6 34. Qxg6 fxg6 35. Nf4 Kf7 36. Rb1 b6 37. a5 Rb8 38. axb6 Rxb6 39. Rxb6 axb6 40. Kf2 Nf6 41. Bc1 Nfd5 42. Ne2 b5 43. Ba3 Ke6 44. f4 Kf5 45. Kf3 g5 46. Ng3+ Kg6 47. fxg5 Kxg5 48. Ne4+ Kg6 49. Bxe7 Nxe7 50. Nd6 Nd5 51. Nxb5 Kf5 52. Ke2 1-0


[Site "https://www.chess.com"]

[Event "Titled Tuesday Blitz May 30 Early 2023"]
[White "Antonova, Nadezhda"]
[Black "Sarkar, Justin"]
[WhiteFideId "14700182"]
[BlackFideId "2010011"]
[WhiteElo "1799"]
[BlackElo "2168"]
[Result "1-0"]
[Round "10"]
[TimeControl "180+2"]
[Date "2023.05.30"]
[WhiteClock "0:00:13"]
[BlackClock "0:00:00"]

1. Nf3 c6 2. b3 Nf6 3. Bb2 g6 4. g3 Bg7 5. Bg2 O-O 6. O-O d6 7. d4 a5 8. a4 Bf5 9. Nbd2 Qd7 10. Re1 Bh3 11. Bh1 Na6 12. Nc4 Qc7 13. e4 d5 14. exd5 cxd5 15. Nce5 Ne4 16. c4 e6 17. Rc1 Qd8 18. Nd2 f5 19. Ndf3 Nb4 20. Ba3 Re8 21. Bxb4 axb4 22. Nd3 Nc3 23. Qd2 dxc4 24. bxc4 Rxa4 25. Nxb4 Ne4 26. Qb2 Bg4 27. Qb3 Bxf3 28. Qxa4 Bxh1 29. Kxh1 Nxf2+ 30. Kg2 Ne4 31. d5 exd5 32. Nxd5 Qb8 33. Qb5 1-0


[Site "https://www.chess.com"]

[Event "Titled Tuesday Blitz May 30 Early 2023"]
[White "Lakshmi C"]
[Black "Dubreuil, Julien"]
[WhiteFideId "25035347"]
[BlackFideId "621285"]
[WhiteElo "1942"]
[BlackElo "2295"]
[Result "0-1"]
[Round "10"]
[TimeControl "180+2"]
[Date "2023.05.30"]
[WhiteClock "0:01:33"]
[BlackClock "0:02:12"]

1. e4 c5 2. g3 Nc6 3. Bg2 g6 4. Ne2 Bg7 5. c3 Nf6 6. d4 d5 7. e5 Nd7 8. O-O e6 9. Be3 O-O 10. Qc1 b6 11. Bg5 Qc7 12. Bh6 Ba6 13. Bxg7 0-1


[Site "https://www.chess.com"]

[Event "Titled Tuesday Blitz May 30 Early 2023"]
[White "Steenbekkers, Franck"]
[Black "salgadoLO"]
[WhiteFideId "1004220"]
[WhiteElo "2111"]
[BlackElo "2188"]
[Result "1/2-1/2"]
[Round "10"]
[TimeControl "180+2"]
[Date "2023.05.30"]
[WhiteClock "0:00:34"]
[BlackClock "0:00:05"]

1. e4 c5 2. Nf3 e6 3. c3 Nf6 4. e5 Nd5 5. d4 cxd4 6. cxd4 d6 7. Bc4 Bd7 8. O-O Bc6 9. Qe2 Nd7 10. Nc3 Nxc3 11. bxc3 dxe5 12. Nxe5 Nxe5 13. dxe5 Bc5 14. Qg4 Kf8 15. Bg5 Qc7 16. Rad1 h6 17. Bf4 g5 18. Bg3 Be7 19. Kh1 h5 20. Qd4 h4 21. Bf4 h3 22. f3 hxg2+ 23. Kxg2 gxf4 24. Qxf4 Rd8 25. Bxe6 Be8 26. Rxd8 Bxd8 27. Rd1 Qe7 28. Bb3 Qg5+ 29. Qxg5 Bxg5 30. Bd5 Bf4 31. Bxb7 Rxh2+ 32. Kg1 Rxa2 33. Rd8 Ke7 34. Ra8 Bxe5 35. Bd5 Bxc3 36. Bxa2 Bd4+ 37. Kg2 Bb6 38. Bd5 Bd7 39. Rh8 Be6 40. Bxe6 fxe6 41. Rh4 Kd6 42. Ra4 e5 43. Kf1 Kd5 44. Ke2 Kc6 45. Kd3 Kb5 46. Ra2 a5 47. Ke4 Bd4 48. f4 Bc3 49. f5 Kc4 50. f6 Kb3 51. Re2 a4 52. f7 Bb4 53. Kxe5 a3 54. Ke6 a2 55. Rxa2 Kxa2 56. Kd7 Kb3 57. Ke8 Kc4 58. f8=Q Bxf8 1/2-1/2


[Site "https://www.chess.com"]

[Event "Titled Tuesday Blitz May 30 Early 2023"]
[White "Blackwhite017"]
[Black "Ciuffoletti, Paolo"]
[BlackFideId "807630"]
[WhiteElo "2107"]
[BlackElo "2143"]
[Result "1-0"]
[Round "10"]
[TimeControl "180+2"]
[Date "2023.05.30"]
[WhiteClock "0:00:02"]
[BlackClock "0:00:00"]

1. e4 c5 2. Nf3 Nc6 3. d4 cxd4 4. Nxd4 Nf6 5. Nc3 e5 6. Ndb5 d6 7. Bg5 a6 8. Na3 b5 9. Nd5 Be7 10. Bxf6 Bxf6 11. c4 b4 12. Nc2 a5 13. Be2 O-O 14. O-O Bg5 15. Qd3 Be6 16. Rfd1 Ne7 17. a3 Bxd5 18. cxd5 Qb6 19. axb4 axb4 20. Qb5 Qxb5 21. Bxb5 f5 22. exf5 Nxf5 23. Rxa8 Rxa8 24. Bd7 Nd4 25. Nxd4 exd4 26. g3 Bf6 27. Rd3 Ra2 28. Rb3 d3 29. Rxd3 Bxb2 30. Rf3 g6 31. Be6+ Kg7 32. Rf7+ Kh6 33. Rb7 Bc3 34. Bg8 Kg5 35. h4+ Kf6 36. Bxh7 Bd4 37. Rxb4 Bxf2+ 38. Kh1 Bc5 39. Rf4+ Kg7 40. Bxg6 Kxg6 41. g4 Rd2 42. Re4 Rxd5 43. Re6+ Kf7 44. Rh6 Rd2 45. g5 Kg7 46. Re6 Rd4 47. Rh6 d5 48. Kg2 Rd3 49. Rc6 Be7 50. Rc7 Kf8 51. g6 1-0


[Site "https://www.chess.com"]

[Event "Titled Tuesday Blitz May 30 Early 2023"]
[White "Dominguez Rincon, Miller Duvan"]
[Black "Borodavkin, Anatoly"]
[WhiteFideId "4406583"]
[BlackFideId "14150662"]
[WhiteElo "2013"]
[BlackElo "1991"]
[Result "0-1"]
[Round "10"]
[TimeControl "180+2"]
[Date "2023.05.30"]
[WhiteClock "0:00:00"]
[BlackClock "0:00:09"]

1. e4 e5 2. Nf3 Nf6 3. Nxe5 d6 4. Nf3 Nxe4 5. Nc3 Nxc3 6. dxc3 Be7 7. Qd4 Bf6 8. Qf4 O-O 9. Be3 Nc6 10. O-O-O Be6 11. a3 a6 12. g4 Ne5 13. Nxe5 Bxe5 14. Qe4 Bf6 15. h4 c6 16. g5 Bd5 17. Rxd5 cxd5 18. Qxd5 Be7 19. Bd3 Qd7 20. h5 Qe6 21. Qd4 Rac8 22. f4 f5 23. Re1 Qf7 24. Bd2 Rfe8 25. c4 g6 26. Bc3 Bf6 27. gxf6 Rxe1+ 28. Bxe1 Re8 29. Bc3 gxh5 30. Bxf5 h6 31. Qg1+ Kf8 32. Qg7+ Qxg7 33. fxg7+ Kg8 34. b4 h4 35. Kb2 Re7 36. Bf6 Rf7 37. Be6 h3 38. Bxf7+ Kxf7 39. Bd4 h2 0-1


[Site "https://www.chess.com"]

[Event "Titled Tuesday Blitz May 30 Early 2023"]
[White "KSho99"]
[Black "Lohani, Sujana"]
[BlackFideId "12311987"]
[WhiteElo "2173"]
[BlackElo "1718"]
[Result "1-0"]
[Round "10"]
[TimeControl "180+2"]
[Date "2023.05.30"]
[WhiteClock "0:00:05"]
[BlackClock "0:00:06"]

1. Nf3 g6 2. b3 Bg7 3. d4 d6 4. Bb2 Nf6 5. e3 O-O 6. Be2 c5 7. O-O cxd4 8. Nxd4 Nc6 9. c4 d5 10. Nxc6 bxc6 11. Nc3 Qd6 12. Rc1 e5 13. cxd5 cxd5 14. Nb5 Qd8 15. Bxe5 Ba6 16. Qd4 Re8 17. Rfe1 Rxe5 18. Qxe5 Ne4 19. Qc7 Qf6 20. f3 Ng5 21. Rc6 Ne6 22. Rxa6 Qg5 23. Rxe6 fxe6 24. Qf4 Qe7 25. Qd6 Qf7 26. Nd4 Re8 27. Bb5 Re7 28. Rc1 Bh6 29. Rc8+ Kg7 30. Kf2 Qf6 31. Rc7 Rxc7 32. Qxc7+ Qf7 33. Qxf7+ Kxf7 34. Bd7 e5 35. Nc6 e4 36. fxe4 dxe4 37. Nxa7 Ke7 38. Bc6 Kd6 39. Bxe4 Ke5 40. Bf3 Kd6 41. Nb5+ Kc5 42. Nd4 Kb4 43. a4 Ka3 44. a5 Bg7 45. a6 Be5 46. a7 Kb4 47. a8=Q Kc3 48. Qc6+ Kb2 49. Qc2+ Ka3 50. Nb5+ Kb4 51. Qc4+ Ka5 52. Nc7 Kb6 53. Nd5+ Ka5 54. Qb4+ Ka6 55. Qb6# 1-0


[Site "https://www.chess.com"]

[Event "Titled Tuesday Blitz May 30 Early 2023"]
[White "Floresvillar Gonzalez, Luis Migu"]
[Black "Brod, Manfred"]
[WhiteFideId "5100542"]
[BlackFideId "1602110"]
[WhiteElo "2040"]
[BlackElo "2152"]
[Result "1-0"]
[Round "10"]
[TimeControl "180+2"]
[Date "2023.05.30"]
[WhiteClock "0:00:22"]
[BlackClock "0:00:00"]

1. d4 f5 2. Nc3 Nf6 3. Bg5 d5 4. f3 c5 5. e3 Nc6 6. Bb5 e6 7. Nge2 a6 8. Bxc6+ bxc6 9. O-O h6 10. Bxf6 Qxf6 11. f4 Bd6 12. Na4 c4 13. c3 Rb8 14. b4 cxb3 15. axb3 a5 16. Nc5 Bc7 17. Nc1 O-O 18. N1d3 g5 19. g3 g4 20. Ne5 Bxe5 21. fxe5 Qg5 22. Qe2 Rb5 23. Ra3 h5 24. Qf2 Rf7 25. Qf4 Qg6 26. Rfa1 Ra7 27. Kg2 h4 28. gxh4 Kg7 29. Kg3 Qh5 30. Qg5+ Qxg5 31. hxg5 Kg6 32. Kf4 Rh7 33. R1a2 Rh3 34. Rf2 a4 35. b4 g3 36. hxg3 Rh1 37. Rxa4 Rc1 38. Ra3 Re1 39. Kf3 Kxg5 40. Re2 1-0


[Site "https://www.chess.com"]